 Dungeon Crawl Stone Soup version 0.29.0-4-gdea44cf6ec (webtiles) character file.

Game seed: 5177649709926072174

17 qw the Vexing (level 2, 0/27 HPs)
             Began as an Ogre Enchanter on Sept 3, 2022.
             Slain by a giant cockroach (1 damage)
             ... on level 1 of the Dungeon.
             The game lasted 00:00:40 (1014 turns).

qw the Vexing (Ogre Enchanter)                      Turns: 1014, Time: 00:00:41

Health: 0/27       AC:  3    Str: 11    XL:     2   Next: 62%
Magic:  5/5        EV:  9    Int: 16    God:
Gold:   27         SH:  0    Dex:  9    Spells: 5/5 levels left

rFire   . . .      SeeInvis .   j - +0 club
rCold   . . .      Faith    .   (no shield)
rNeg    . . .      Spirit   .   b - +0 robe
rPois   .          Reflect  .   (helmet restricted)
rElec   .          Harm     .   (no cloak)
rCorr   .          Rampage  .   (gloves unavailable)
Will    .....                   (boots unavailable)
Stlth   ++........              (no amulet)
HPRegen 0.09/turn               (no ring)
MPRegen 0.09/turn               (no ring)

@: no status effects
A: large, unfitting armour, tough skin 1
a: no special abilities


You were on level 1 of the Dungeon.
You visited 1 branch of the dungeon, and saw 1 of its levels.

You collected 27 gold pieces.


Innate Abilities, Weirdness & Mutations

You are too large for most types of armour.
You have tough skin. (AC +1)


   Skills:
 + Level 1.0 Fighting
 - Level 0.8 Short Blades
 - Level 2.0 Axes
 - Level 1.7 Dodging
 - Level 2.1 Stealth
 - Level 2.4 Spellcasting
 - Level 2.6 Hexes


You had 5 spell levels left.
You didn't know any spells.
Your spell library contained the following spells:

 Spells                   Type           Power      Damage    Failure   Level
 Ensorcelled Hibernation  Hex/Ice        12%        N/A       17%         2
 Confusing Touch          Hex            10%        N/A       21%         3
 Tukima's Dance           Hex            10%        N/A       21%         3
 Dazzling Flash           Conj/Hex       12%        N/A       34%         3

Inventory:

Hand Weapons
 j - a +0 club (weapon)
Armour
 b - a +0 robe (worn)
 k - a +1 cloak
Jewellery
 g - a ring of willpower
Scrolls
 a - a scroll of teleportation {unknown}
 e - a scroll of enchant weapon {unknown}
 f - a scroll of poison {unknown}
 h - a scroll of identify {unknown}
Potions
 c - 2 potions of invisibility
 d - a potion of attraction {unknown}
 i - a potion of curing {unknown}

Dungeon Overview and Level Annotations

Branches:
Dungeon (1/15)

Altars:

Shops:
D:1 *


Message History

A giant cockroach comes into view.
The giant cockroach waves its antennae.
The giant cockroach barely misses you.
You closely miss the giant cockroach.
The giant cockroach bites you but does no damage.
You hit the giant cockroach.
The giant cockroach is almost dead.
The giant cockroach bites you.
The giant cockroach bites you but does no damage.
You hit the giant cockroach but do no damage.
The giant cockroach is almost dead.
The giant cockroach bites you but does no damage.
You hit the giant cockroach but do no damage.
The giant cockroach is almost dead.
The giant cockroach bites you but does no damage.
The giant cockroach barely misses you.
You hit the giant cockroach but do no damage.
The giant cockroach is severely wounded.
The giant cockroach bites you but does no damage.
You barely miss the giant cockroach.
The giant cockroach is severely wounded.
The giant cockroach bites you. The giant cockroach barely misses you.
You barely miss the giant cockroach.
The giant cockroach is severely wounded.
The giant cockroach barely misses you.
You barely miss the giant cockroach.
The giant cockroach is severely wounded.
The giant cockroach bites you but does no damage.
The giant cockroach closely misses you.
You closely miss the giant cockroach. Your punch misses the giant cockroach.
The giant cockroach is severely wounded.
The giant cockroach barely misses you.
You closely miss the giant cockroach.
The giant cockroach is severely wounded.
The giant cockroach barely misses you.
The giant cockroach bites you but does no damage.
You closely miss the giant cockroach.
The giant cockroach is severely wounded.
The giant cockroach bites you.
You die...

.... #.........#
.....#.........# ####
.....#.........# #...
...............# ###.##
...............# #...%.
...............######.#.#.
#.#...................#.#.
........B.........>####.#.
#......$.@.....###.##...#.
..#....##########..##'###.
. +.... #........### #.h.#
#........# #).h
######........### #...
#.........##..... #..
#.......#.#######
#.......#........
#.......#########


You could see a giant cockroach.

Vanquished Creatures
  2 bats (D:1)
  A goblin (D:1)
  3 hobgoblins (D:1)
  3 jackals (D:1)
  A quokka (D:1)
  2 frilled lizards (D:1)
  3 rats (D:1)
15 creatures vanquished.

Notes
Turn   | Place    | Note
-------+----------+-------------------------------------------
     0 | D:1      | qw the Ogre Enchanter began the quest for the Orb.
     0 | D:1      | Reached XP level 1. HP: 16/16 MP: 3/3
     0 | D:1      | 0 ||| qw: Version: 0.1-a-102-g441f92d
     0 | D:1      | 0 ||| qw: Game counter: 5292
     0 | D:1      | 0 ||| qw: Always use a shield: true
     0 | D:1      | 0 ||| qw: God list: Okawaru
     0 | D:1      | 0 ||| qw: Allow faded altars: false
     0 | D:1      | 0 ||| qw: Do Orc after D:15 true
     0 | D:1      | 0 ||| qw: Do second Lair branch before Depths: true
     0 | D:1      | 0 ||| qw: Lair rune preference: random
     0 | D:1      | 0 ||| qw: Plans: Normal
     0 | D:1      | 0 ||| PLANNING D:1-11
     5 | D:1      | Found Wuem's Assorted Antiques.
    36 | D:1      | 36 ||| SHOPLISTING 2 sedimented inky potions (36 gold, have
                  | 0).
    36 | D:1      | 36 ||| SHOPLISTING hand axe (60 gold, have 0).
    36 | D:1      | 36 ||| SHOPLISTING mace (60 gold, have 0).
    36 | D:1      | 36 ||| SHOPLISTING scroll labelled XEIMNUF ANEQE (20 gold,
                  | have 0).
    82 | D:1      | Reached skill level 1 in Axes
   154 | D:1      | Found a faded altar of an unknown god.
   171 | D:1      | Reached skill level 1 in Fighting
   311 | D:1      | Reached XP level 2. HP: 23/27 MP: 5/5
   360 | D:1      | 360 ||| Stepping ~*~*~tactically~*~*~ (outnumbered).
   361 | D:1      | 361 ||| Stepping ~*~*~tactically~*~*~ (outnumbered).
   363 | D:1      | 363 ||| Stepping ~*~*~tactically~*~*~ (outnumbered).
   367 | D:1      | 367 ||| Stepping ~*~*~tactically~*~*~ (outnumbered).
   386 | D:1      | HP: 6/27 [goblin/+0 club (3)]
   614 | D:1      | 614 ||| SWAPPING to +0 club.
   615 | D:1      | 615 ||| DROPPING +1 dagger.
   688 | D:1      | HP: 6/27 [quokka (4)]
   959 | D:1      | 959 ||| Stepping ~*~*~tactically~*~*~ (stealth).
   960 | D:1      | 960 ||| Stepping ~*~*~tactically~*~*~ (stealth).
   961 | D:1      | 961 ||| Stepping ~*~*~tactically~*~*~ (stealth).
   977 | D:1      | HP: 6/27 [hobgoblin (1)]
   986 | D:1      | HP: 1/27 [jackal (2)]
  1005 | D:1      | HP: 2/27 [giant cockroach (1)]
  1014 | D:1      | Slain by a giant cockroach

Levels and vault maps discovered:
D:1:      saegor_arrival_simple_a, layout_basic, ebering_ecumenical_altar_ruins,
          serial_shops, shop

Skill      XL: |  1  2 |
---------------+-------+-----
Axes           | 1 2 |  2.0
Fighting       | 1 |  1.0
Short Blades   | |  0.8
Dodging        | |  1.7
Stealth        | |  2.1
Spellcasting   | |  2.4
Hexes          | |  2.6

Action                   || total
-------------------------++-------
Melee: Dagger            ||    53
       Club              ||    60
       Punch             ||     1
Armor: Robe              ||    40
Dodge: Dodged            ||    77

Table legend:
 A = Non-vault XP
 B = Vault XP
 C = Vault XP percentage of total XP
 D = Non-vault monster count
 E = Vault monster count
 F = Vault count percentage of total count
                 A         B        C        D         E       F
            +---------+---------+-------+---------+---------+-------
      Total |      25 |       0 |   0.0 |      15 |       0 |   0.0
            +---------+---------+-------+---------+---------+-------
        D:1 |      25 |       0 |   0.0 |      15 |       0 |   0.0
            +---------+---------+-------+---------+---------+-------
